 Dungeon Crawl Stone Soup version 0.29.1-2-gbd0b4ee654 (webtiles) character file.

Game seed: 15840735860478049034

70 Linkola the Gusty (level 4, -3/24 HPs)
             Began as a Deep Elf Air Elementalist on Nov 25, 2022.
             Slain by a lemure (4 damage)
             ... led by Pikel
             ... on level 3 of the Dungeon.
             The game lasted 00:06:11 (2963 turns).

Linkola the Gusty (Deep Elf Air Elementalist)       Turns: 2963, Time: 00:06:13

Health: -3/24      AC:  4    Str:  5    XL:     4   Next: 4%
Magic:  4/11       EV: 12    Int: 22    God:
Gold:   174        SH:  0    Dex: 15    Spells: 0/10 levels left

rFire   + . .      SeeInvis .   c - +5 dagger "Grim Tooth" {vorpal, rF+}
rCold   . . .      Faith    .   (no shield)
rNeg    . . .      Spirit   .   a - +1 robe
rPois   .          Reflect  .   (no helmet)
rElec   .          Harm     .   (no cloak)
rCorr   .          Rampage  .   (no gloves)
Will    .....                   h - +0 pair of boots
Stlth   ++........              (no amulet)
HPRegen 0.08/turn               j - ring of flight
MPRegen 0.12/turn               (no ring)

@: flying
A: no striking features
a: no special abilities


You were on level 3 of the Dungeon.
You visited 1 branch of the dungeon, and saw 4 of its levels.

You collected 174 gold pieces.

Inventory:

Hand Weapons
 c - the +5 dagger "Grim Tooth" (weapon) {vorpal, rF+}
   (You found it on level 3 of the Dungeon)

   It inflicts extra damage upon your enemies.
   rF:        It protects you from fire.
Missiles
 k - 2 throwing nets
Armour
 a - a +1 robe (worn)
 h - a +0 pair of boots (worn)
Jewellery
 j - a ring of flight (left hand)
Scrolls
 m - a scroll of identify
Potions
 b - a potion of magic
 d - 2 potions of heal wounds
 e - 4 potions of curing
 f - 2 potions of lignification {unknown}
 g - a potion of flight {unknown}
 i - a potion of haste {unknown}
 l - a potion of degeneration {unknown}


   Skills:
 + Level 2.5 Dodging
 + Level 3.0 Stealth
 + Level 3.7 Spellcasting
 + Level 1.7 Conjurations
 + Level 4.1 Air Magic


You couldn't memorise any spells.
You knew the following spells:

 Your Spells              Type           Power      Damage    Failure   Level
a - Shock                 Conj/Air       68%        1d7       3%          1
b - Static Discharge      Conj/Air       17%        3-6/arc   5%          2
c - Swiftness             Air            22%        N/A       6%          3
d - Airstrike             Air            11%        2d(2-18)  21%         4

Your spell library contained the following spells:

 Spells                   Type           Power      Damage    Failure   Level


Dungeon Overview and Level Annotations

Branches:
Dungeon (4/15)
 Temple: D:4-7

Altars:
Yredelemnul

Shops:
D:1 *   D:2 *

Annotations:
D:4 Pikel


Message History

Nothing appears to happen.
The lemure shouts!
The lemure hits you.
Aiming: Shock (safe; 3% risk of failure)
Press: ? - help, Q - select action, (/) - cycle Shift-Dir - straight line, f/p - Pikel
Aim: Pikel, wielding a +1 whip of freezing and wearing a +0 robe (lightly wounded, 64% to hit)
The zap hits the lemure but does no damage.
The lemure is heavily wounded.
The zap hits the lemure.
The lemure is heavily wounded.
The zap hits Pikel.
Pikel is moderately wounded.
The lemure completely misses you. The lemure attacks as you move away!
The lemure barely misses you. The lemure attacks as you move away!
The lemure completely misses you.
Your magical contamination has completely faded away.
The lemure attacks as you move away! The lemure hits you.
The lemure attacks as you move away! The lemure closely misses you.
Pikel says, "Dispater doesn't talk much, but I know they dig me."
The lemure attacks as you move away! The lemure hits you.
The lemure attacks as you move away! The lemure closely misses you.
Pikel cracks his whip.
The lemure attacks as you move away! The lemure closely misses you.
The lemure attacks as you move away! The lemure hits you.
The lemure attacks as you move away! The lemure barely misses you.
The lemure attacks as you move away! The lemure hits you.
The lemure attacks as you move away! The lemure hits you!
* * * LOW HITPOINT WARNING * * *
There is a stone staircase leading up here.
The lemure barely misses you.
You fly upwards.
There is a stone staircase leading down here.
Casting: Shock (safe; 3% risk of failure)
Confirm with . or Enter, or press ? or * to list all spells.
The lemure is struck by an arc of lightning!
The lemure is severely wounded.
You are struck by an arc of lightning.
* * * LOW HITPOINT WARNING * * *
The lightning grounds out.
The lemure hits you.
You die...

#.# #.#.# #.#
#.#########.#'######.######
#.##.....##...............#
#.##.....##.....[.........##
#.##.....##.................
#.##.....##.................
#.##.....##.#.######........
#.#......##5#.# #........
#.#......##@..# #........
#.#...........######.....#..
#.............+..........#..
###...........#..####....##.
#..............#.......##.
##......................##
#............#.........##
#............##.........#
##...........##.........#


You could see a lemure.

Vanquished Creatures
  2 adders
  2 dart slugs
  4 ball pythons
  4 bats
  4 endoplasms
  5 giant cockroaches
  3 goblins
  3 hobgoblins
  2 jackals (D:1)
  5 kobolds
  3 quokkas
  2 frilled lizards (D:1)
  4 rats
  A spectral orc (D:3)
44 creatures vanquished.

Vanquished Creatures (others)
  A plant (D:4)
1 creature vanquished.

Grand Total: 45 creatures vanquished

Notes
Turn   | Place    | Note
-------+----------+-------------------------------------------
     0 | D:1      | Linkola the Deep Elf Air Elementalist began the quest for
                  | the Orb.
     0 | D:1      | Reached XP level 1. HP: 10/10 MP: 6/6
    35 | D:1      | Found Dobun's General Store.
   245 | D:1      | Reached XP level 2. HP: 15/15 MP: 4/8
   248 | D:1      | Learned a level 2 spell: Static Discharge
  1093 | D:2      | Reached XP level 3. HP: 19/19 MP: 6/9
  1097 | D:2      | Learned a level 3 spell: Swiftness
  1122 | D:2      | Found Met Wyw's General Store.
  1441 | D:2      | Reached skill level 4 in Air Magic
  1685 | D:2      | Found a faded altar of an unknown god.
  2032 | D:3      | Identified the +5 dagger "Grim Tooth" {vorpal, rF+}
  2516 | D:3      | Found a basalt altar of Yredelemnul.
  2609 | D:3      | Reached XP level 4. HP: 24/24 MP: 9/11
  2614 | D:3      | Learned a level 4 spell: Airstrike
  2923 | D:4      | Noticed a lemure
  2926 | D:4      | Noticed a lemure
  2928 | D:4      | Noticed Pikel
  2930 | D:4      | Noticed a lemure
  2963 | D:3      | HP: 1/24 [/static electricity (1)]
  2963 | D:3      | Slain by a lemure

Illustrated notes

Levels and vault maps discovered:
D:1:      giann_forest_graveyard, layout_loops_ring, serial_shops, shop
D:2:      layout_basic, hellmonk_ecumenical_altar_inner_sanctum, serial_shops,
          nicolae_shop_stone
D:3:      layout_basic, yredelemnul_forgotten_temple_becter, minmay_misc_feat_x
D:4:      layout_basic, old_standard_altar, mainiacjoe_overflow_catwalk_spiral,
          chequers_serial_rivers_marsh, minmay_misc_feat_four_crosses,
          chequers_serial_rivers_micro_a, sigmund_edmund_badplayer, uniq_pikel,
          uniq_eustachio

Skill      XL: |  1  2  3 |
---------------+----------+-----
Air Magic      | 4 |  4.1
Stealth        | 3 |  3.0
Dodging        | |  2.5
Spellcasting   | |  3.7
Conjurations   | |  1.7

Action                   |  1- 3 |  4- 6 || total
-------------------------+-------+-------++-------
Melee: Dagger            |     3 |       ||     3
 Cast: Shock             |    81 |     9 ||    90
       Static Discharge  |     4 |     1 ||     5
       Airstrike         |       |     1 ||     1
  Use: Scroll            |     7 |       ||     7
Armor: Robe              |     1 |       ||     1
Dodge: Dodged            |     6 |     8 ||    14
